 Dungeon Crawl Stone Soup version 0.24.0-7-gb3623d2c88 (webtiles) character file.

Game seed: 13351860964902912038, levelgen mode: deterministic

81 Esekla the Stinger (level 4, -8/32 HPs)
             Began as a Formicid Wanderer on Nov 2, 2019.
             Was an Initiate of Elyvilon.
             Killed by nerve-wracking pain
             ... invoked by a shadow imp
              (13 damage)
             ... on level 3 of the Dungeon.
             The game lasted 00:33:38 (3683 turns).

Esekla the Stinger (Formicid Wanderer)              Turns: 3683, Time: 00:33:38

Health: -8/32      AC:  2    Str: 15    XL:     4   Next: 67%
Magic:  3/8        EV: 11    Int: 15    God:    Elyvilon [......]
Gold:   109        SH:  3    Dex:  9    Spells: 3/9 levels left

rFire    . . .     SeeInvis +   e - -2 spear (curse)
rCold    . . .     Gourm    .   (no shield)
rNeg     . . .     Faith    .   d - +0 robe
rPois    .         Spirit   .   (helmet unavailable)
rElec    .         Reflect  +   (no cloak)
rCorr    .         Harm     .   (no gloves)
MR       .....                  (no boots)
Stlth    +.........             k - +3 amulet of reflection
HPRegen  0.10/turn              (no ring)
MPRegen  0.11/turn              (no ring)

@: no status effects
A: permanent stasis, dig shafts and tunnels, four strong arms, antennae 3
a: Dig, Shaft Self, Renounce Religion


You were on level 3 of the Dungeon.
You worshipped Elyvilon.
Elyvilon was noncommittal.
You were not hungry.

You visited 1 branch of the dungeon, and saw 3 of its levels.

You collected 109 gold pieces.

Inventory:

Hand Weapons
 a - a +0 hand crossbow
 e - a cursed -2 spear (weapon)
 i - a +0 dagger
 m - a +0 falchion
Missiles
 c - 63 bolts
 j - a boomerang (quivered)
 o - 16 poisoned darts
Armour
 d - a +0 robe (worn)
Jewellery
 k - a +3 amulet of reflection (around neck)
Scrolls
 h - a scroll of magic mapping
Potions
 b - 2 potions of agility
 g - 3 potions of haste {unknown}
 l - a potion of mutation {unknown}
 n - a potion of might {unknown}
Comestibles
 f - 4 rations


   Skills:
 + Level 1.1 Fighting
 - Level 1.0 Crossbows
 + Level 1.1 Armour
 + Level 0.1 Dodging
 - Level 1.4 Stealth
 * Level 3.1 Spellcasting
   Level 2.4 Hexes
 * Level 0.3 Air Magic
 + Level 4.2 Poison Magic
   Level 1.1 Evocations


You had 3 spell levels left.
You knew the following spells:

 Your Spells              Type           Power        Failure   Level  Hunger
v - Poisonous Vapours     Pois/Air       #.....       12%         2    ##.....
x - Olgreb's Toxic Radia  Pois           ###.....     34%         4    #####..

Your spell library contained the following spells:

 Spells                   Type           Power        Failure   Level  Hunger
 Sting                    Conj/Pois      #...         9%          1    #......
 Mephitic Cloud           Conj/Pois/Air  #.......     32%         3    ###....
 Venom Bolt               Conj/Pois      #.........   93%         5    ######.


Dungeon Overview and Level Annotations

Branches:
Dungeon (3/15)

Altars:
Elyvilon
The Shining One


Innate Abilities, Weirdness & Mutations

You cannot be hasted, slowed, berserked, paralysed or teleported.
You can dig through walls and to a lower floor.
Your four strong arms can wield two-handed weapons with a shield.
You have a pair of large antennae on your head. (SInv)


Message History

You completely miss the shadow imp.
The shadow imp is severely wounded.
The shadow imp hits you.
* * * LOW HITPOINT WARNING * * *
Press: ? - help, v - describe, . - travel The floor.
Press: ? - help, v - describe, . - travel
Here: a shadow imp (severely wounded)
The floor.
You barely miss the shadow imp.
The shadow imp is severely wounded.
The shadow imp closely misses you.
You barely miss the shadow imp.
The shadow imp is severely wounded.
The shadow imp hits you.
* * * LOW HITPOINT WARNING * * *
The shadow imp shouts, "Bolt, thou cockered weeb-spouting flirt-gill!"
The shadow imp gestures at you. Pain shoots through your body!
You die...

#####
#...#########################{
#...>......5.@†..............
#...############......#######
#...## #..<...# {
###^.######## #......#####..#
#.........## #..............
#..........# #.......#..####
#K..#####..# ##..?...#.##
#...# ..# #........# #...# ♣
#######..#


You could see a shadow imp.

Vanquished Creatures
  5 adders
  A dart slug (D:3)
  A worm (D:2)
  An orc (D:3)
  6 bats
  5 hobgoblins
  3 kobolds
  A quokka (D:3)
  A ball python (D:3)
  6 frilled lizards
  6 rats
36 creatures vanquished.

Notes
Turn   | Place    | Note
-------+----------+-------------------------------------------
     0 | D:1      | Esekla the Formicid Wanderer began the quest for the Orb.
     0 | D:1      | Esekla set off with the following items: a +0 hand
                  | crossbow, 22 bolts, a +0 robe, a ration; and the following
                  | spell memorised: Sting; and the following spells available
                  | to memorise: Poisonous Vapours, Mephitic Cloud, Olgreb's
                  | Toxic Radiance, Venom Bolt
     0 | D:1      | Reached XP level 1. HP: 15/15 MP: 2/2
   213 | D:1      | Reached skill level 3 in Poison Magic
  1035 | D:2      | Reached XP level 2. HP: 21/21 MP: 0/3
  1111 | D:1      | Learned a level 2 spell: Poisonous Vapours
  1663 | D:1      | Reached XP level 3. HP: 22/26 MP: 2/6
  1969 | D:2      | Found a white marble altar of Elyvilon.
  2268 | D:2      | Noticed a necrophage
  2319 | D:1      | You fall into a shaft and drop 1 floor!
  2462 | D:1      | You fall into a shaft and drop 1 floor!
  2645 | D:2      | Reached XP level 4. HP: 32/32 MP: 0/8
  2820 | D:2      | Reached skill level 4 in Poison Magic
  2883 | D:2      | Learned a level 4 spell: Olgreb's Toxic Radiance
  2999 | D:2      | Found a faded altar of an unknown god.
  3017 | D:2      | Became a worshipper of the Shining One
  3017 | D:2      | Reached * piety under the Shining One
  3307 | D:1      | You fall into a shaft and drop 1 floor!
  3509 | D:1      | You fall into a shaft and drop 1 floor!
  3549 | D:2      | Fell from the grace of the Shining One
  3549 | D:2      | Became a worshipper of Elyvilon the Healer
  3683 | D:3      | Killed from afar by a shadow imp

Levels and vault maps discovered:
D:1:      kennysheep_arrival_forest, layout_basic
D:2:      layout_basic, chequers_ecumenical_altar_lobes, elyvilon_altar_3
D:3:      layout_rooms, minmay_misc_feat_encased, uniq_crazy_yiuf_cottage,
          uniq_ijyb

Skill      XL: |  1  2  3  4 |
---------------+-------------+-----
Poison Magic   | 3 4 |  4.2
Spellcasting   | 2 3 |  3.1
Fighting       | |  1.1
Crossbows      | |  1.0
Armour         | |  1.1
Dodging        | |  0.1
Stealth        | |  1.4
Hexes          | |  2.4
Air Magic      | |  0.3
Evocations     | |  1.1

Action                   |  1- 3 |  4- 6 || total
-------------------------+-------+-------++-------
Melee: Dagger            |     4 |       ||     4
       Spear             |    38 |    21 ||    59
 Fire: Hand crossbow     |     3 |       ||     3
Throw: Boomerang         |     3 |       ||     3
 Cast: Sting             |    10 |       ||    10
       Poisonous Vapours |    20 |    16 ||    36
 Abil: Shaft Self        |     2 |     2 ||     4
  Use: Scroll            |     5 |       ||     5
 Stab: Sleeping          |     2 |     1 ||     3
  Eat: Chunk             |     7 |     3 ||    10
       Ration            |       |     1 ||     1
Armor: Robe              |    22 |     8 ||    30
Dodge: Dodged            |    40 |     9 ||    49
Block: Other             |    11 |     3 ||    14
